Map: Triton LE

Players

LiquidTaeJa (TaeJa) - Winner!

  • Race: Terran Terran
  • League: Grandmaster
  • Spawn Location: 5:00

Toodming

  • Race: Zerg Zerg
  • League: Master
  • Spawn Location: 11:00

VOD

Have the link to the VOD?

Description

Time

  • Played on: Jan. 8, 2020, 5:33 a.m.
  • Length: 7:03
Show
View Real Time Build Order
Export as new Build Order

LiquidTaeJa Terran - Winner!

Build Orders:  

Get SALT Encoding   

  12  0:00  SCV  
  13  0:12  SCV  
  14  0:19  Supply Depot  
  14  0:41  Barracks  
  14  0:43  Refinery  
  14  0:53  Barracks  
  14  0:58  SCV  
  15  1:10  SCV  
  16  1:28  Reaper, Orbital Command  
  16  1:31  Refinery  
  17  1:44  Reaper  
  18  1:53  Bunker  
  19  1:54  SCV  
  19  2:00  Reaper  
  20  2:06  SCV  
  21  2:12  Supply Depot  
  21  2:18  Reaper  
  21  2:19  SCV  
  23  2:33  Reaper  
  24  2:45  SCV  
  24  2:46  Factory  
  24  2:50  Reaper  
  26  2:57  SCV  
  27  3:07  Reaper  
  27  3:09  SCV  
  29  3:21  SCV  
  29  3:24  Command Center  
  30  3:32  Factory Reactor  
  30  3:33  Starport  
  30  3:36  SCV  
  31  3:45  Supply Depot  
  31  4:06  SCV  
  31  4:12  Starport Tech Lab  
  31  4:13  Viking  
  31  4:14  Hellion x2  
  37  4:21  Fusion Core  
  37  4:24  SCV  
  38  4:40  SCV  
  38  4:44  Starport Tech Lab  
  39  4:52  SCV, Orbital Command  
  40  4:53  Hellion x2  
  44  5:04  SCV  
  45  5:09  Supply Depot  
  45  5:10  Battlecruiser  
  51  5:19  SCV  
  51  5:20  SCV  
  53  5:29  Supply Depot  
  53  5:31  Hellion x2  
  53  5:33  Supply Depot  
  53  5:34  SCV x2  
  59  5:46  SCV x2  
  61  5:52  Barracks Tech Lab  
  61  5:53  Command Center  
  61  5:58  SCV x2, Factory Tech Lab  
  63  6:08  Marine x2  
  63  6:10  SCV x2  
  67  6:17  Marine  
  68  6:22  Starport Reactor  
  68  6:23  SCV x2  
  70  6:26  Marine  
  70  6:28  Siege Tank  
  70  6:29  Marine  
  75  6:34  Supply Depot  
  75  6:35  Marine, SCV x2  
  75  6:36  Engineering Bay x2  
  76  6:45  Marine  
  76  6:47  SCV  
  78  6:58  Supply Depot  
Show
View Real Time Build Order
Export as new Build Order

Toodming Zerg 

Build Orders: Hatch First 

Get SALT Encoding   

  12  0:01  Drone  
  13  0:14  Overlord  
  13  0:17  Drone  
  14  0:33  Drone x2  
  16  0:49  Hatchery  
  15  0:52  Drone  
  15  0:57  Drone  
  17  1:01  Drone  
  18  1:11  Extractor  
  17  1:16  Spawning Pool  
  17  1:18  Drone  
  17  1:22  Drone  
  18  1:31  Drone  
  19  1:41  Drone  
  20  1:51  Drone  
  21  2:03  Queen x2  
  21  2:04  Zergling x4  
  27  2:16  Spore Crawler  
  27  2:19  Spore Crawler  
  25  2:25  Hatchery  
  26  2:33  Spine Crawler  
  23  2:39  Queen  
  24  2:45  Zergling x4  
  24  2:50  Zergling x2  
  27  2:52  Zergling x2  
  27  2:59  Extractor x2  
  25  3:06  Metabolic Boost  
  26  3:17  Overlord  
  26  3:19  Drone  
  25  3:29  Zergling x4  
  27  3:43  Queen  
  27  3:45  Drone x3  
  31  3:53  Zergling x4  
  31  3:54  Zergling x2  
  34  4:01  Drone x2  
  36  4:05  Drone  
  35  4:14  Zergling x6  
  38  4:17  Zergling x2  
  38  4:19  Zergling x2  
  40  4:35  Overlord  
  40  4:38  Drone  
  41  4:57  Drone, Overlord  
  42  5:02  Overlord  
  42  5:09  Overlord  
  42  5:10  Overlord  
  42  5:18  Drone x7  
  49  5:22  Drone x2, Overlord  
  51  5:30  Drone x3  
  51  5:35  Drone  
  55  5:36  Drone x3  
  55  5:38  Drone  
  55  5:41  Extractor  
  58  5:52  Baneling Nest  
  57  5:58  Overlord x2  
  57  5:59  Zergling x4  
  57  6:00  Zergling x4  
  61  6:05  Drone x2  
  61  6:06  Drone  
  64  6:15  Zergling x14  
  64  6:16  Zergling x2  
  69  6:26  Queen x2  
  71  6:44  Baneling  
  71  6:45  Baneling x3  
  66  6:48  Baneling x7  
Tags
 
Add a new tag
Caveats
  • Supply blocks, unpowered buildings, or Contaminate may cause inaccurate times.
  • Supply counts are checked every 10 seconds.